 Dungeon Crawl Stone Soup version 0.18.1-8-gdd0e5ea (webtiles) character file.

39 Shearov the Conjurer (level 3, -5/26 HPs)
             Began as a Demigod Conjurer on June 1, 2016.
             Slain by Terence
             ... wielding a +0 hand axe
              (8 damage)
             ... on level 1 of the Dungeon.
             The game lasted 00:02:39 (978 turns).

Shearov the Conjurer (Demigod Conjurer)              Turns: 978, Time: 00:02:39

Health: -5/26      AC:  3    Str: 11    XL:     3   Next: 13%
Magic:  4/8        EV: 18    Int: 21    God:
Gold:   96         SH:  0    Dex: 21    Spells: 1 memorised, 5 levels left

rFire  . . .     SeeInvis .     d - +1 dagger (elec)
rCold  . . .     Gourm    .     a - +0 robe
rNeg   . . .     Faith    .     (no shield)
rPois  .         Spirit   .     l - +0 helmet
rElec  .         Dismiss  .     (no cloak)
rCorr  .         Reflect  .     (no gloves)
SustAt +         Harm     .     (no boots)
MR     .....                    (no amulet)
Stlth  +++.......               (no ring)
                                (no ring)

@: agile, not resistant to hostile enchantments, fairly stealthy
A: high mp 1, sustain attributes
a: no special abilities


You were on level 1 of the Dungeon.
You were hungry.

You visited 1 branch of the dungeon, and saw 2 of its levels.

You collected 96 gold pieces.

Inventory:

Hand Weapons
 d - a +1 dagger of electrocution (weapon)
Armour
 a - a +0 robe (worn)
 l - a +0 helmet (worn)
Jewellery
 g - an uncursed ring of flight {unknown}
 i - an uncursed amulet of guardian spirit {unknown}
Scrolls
 f - a scroll of amnesia {unknown}
 h - 4 scrolls of identify {unknown}
 k - a scroll of remove curse {unknown}
Books
 b - a book of Conjurations

   Spells                             Type                      Level
   a - Magic Dart                     Conjuration                  1
   b - Searing Ray                    Conjuration                  2
   c - Dazzling Spray                 Conjuration/Hexes            3
   d - Fulminant Prism                Conjuration/Hexes            4
   e - Iskenderun's Mystic Blast      Conjuration                  4
   f - Iskenderun's Battlesphere      Conjuration/Charms           5
Comestibles
 c - a bread ration
 j - a royal jelly


   Skills:
 + Level 1.7 Dodging
 + Level 1.8 Stealth
 * Level 2.1 Spellcasting
 * Level 4.4 Conjurations


You had 5 spell levels left.
You knew the following spells:

 Your Spells              Type           Power        Failure   Level  Hunger
a - Magic Dart            Conj           ###.         2%          1    #......


Dungeon Overview and Level Annotations

Branches:
Dungeon (2/15)

Annotations:
D:1 Terence


Innate Abilities, Weirdness & Mutations

You have an increased reservoir of magic (+10% MP).
Your attributes are resistant to harm.


Message History

Aiming: Magic Dart
Press: ? - help, Shift-Dir - straight line, f - Terence
Aim: Terence, wielding a hand axe and wearing a glowing scale mail The magic dart hits Terence.
Terence is lightly wounded.
Terence hits you but does no damage.
You hit Terence.
Terence is lightly wounded.
Terence hits you but does no damage.
You hit Terence but do no damage.
Terence is lightly wounded.
Terence hits you with a hand axe.
* * * LOW HITPOINT WARNING * * *
Drink which item? (? for menu, Esc to quit)
It was a potion of agility.
You feel agile all of a sudden.
You hit Terence but do no damage.
Terence is lightly wounded.
Terence hits you with a hand axe!
You die...

###.......######....####.........
....................(..'.........
###.....#.######....####.........
##..#.#.# #.#.## ##.......#
##.....# ###.#### ##.....##
###.### #......# ##...## #.#
#.#.##.# ##'## ### #.# #.#@##.#
#.# ..# #.# #.#@##.## #.# ..# #.#
#.#.....#######.## ..# #.#
#.####...........### #######.#
#.# #..##.......... #.....#
#.####..##.###...### #######
#.......##.###..##
#######.........# #########.# #.#


You could see Terence.

Vanquished Creatures
  An ooze (D:1)
  A dart slug (D:1)
  2 bats (D:1)
  2 goblins (D:1)
  6 hobgoblins (D:1)
  6 jackals (D:1)
  3 kobolds (D:1)
  2 giant newts (D:1)
  6 rats (D:1)
29 creatures vanquished.

Notes
Turn   | Place    | Note
--------------------------------------------------------------
     0 | D:1      | Shearov the Demigod Conjurer began the quest for the Orb.
     0 | D:1      | Reached XP level 1. HP: 14/14 MP: 5/5
   150 | D:1      | Reached skill level 4 in Conjurations
   150 | D:1      | Reached XP level 2. HP: 20/20 MP: 2/7
   950 | D:1      | Reached XP level 3. HP: 22/26 MP: 5/8
   954 | D:2      | Noticed Terence
   978 | D:1      | Slain by Terence

Skill      XL: |  1  2 |
---------------+-------+-----
Conjurations   | 4 |  4.4
Spellcasting   | 2 |  2.1
Dodging        | |  1.7
Stealth        | |  1.8

Action                   || total
-------------------------++-------
Melee: Dagger            ||    25
 Cast: Magic Dart        ||    40
  Use: Potion            ||     1
 Stab: Sleeping          ||     4
Armor: Robe              ||     8
Dodge: Dodged            ||    28
